 Dungeon Crawl Stone Soup version 0.27.0-1-g7a089689b8 (webtiles) character file.

Game seed: 5532296506807486588

184 Lochraine the Skirmisher (level 5, 0/48 HPs)
             Began as a Minotaur Monk on Aug 11, 2021.
             Succumbed to a hornet's poison
             ... on level 4 of the Dungeon.
             The game lasted 00:04:09 (2876 turns).

Lochraine the Skirmisher (Minotaur Monk)            Turns: 2876, Time: 00:04:09

Health: 0/48       AC:  8    Str: 22    XL:     5   Next: 36%
Magic:  4/4        EV:  9    Int:  7    God:
Gold:   176        SH:  0    Dex: 13    Spells: 4/4 levels left

rFire    . . .     SeeInvis .   a - +0 mace
rCold    . . .     Faith    .   (no shield)
rNeg     . . .     Spirit   .   o - +0 chain mail
rPois    .         Reflect  .   (helmet restricted)
rElec    .         Harm     .   (no cloak)
rCorr    .         Rampage  .   (no gloves)
Will     .....                  (no boots)
Stlth    ..........             (no amulet)
HPRegen  0.16/turn              g - +6 ring of strength
MPRegen  0.09/turn              (no ring)

@: lethally poisoned (0 -> -4), attractive, slowed, very slow
A: horns 2, retaliatory headbutt
a: no special abilities


You were on level 4 of the Dungeon.
You visited 1 branch of the dungeon, and saw 4 of its levels.

You collected 176 gold pieces.

Inventory:

Hand Weapons
 a - a +0 mace (weapon)
Missiles
 c - 18 boomerangs (quivered)
 d - 12 poisoned darts
Armour
 b - a +0 robe
 h - a +0 ring mail
   (You found it on level 2 of the Dungeon)
 o - a +0 chain mail (worn)
   (You found it on level 4 of the Dungeon)
Jewellery
 g - a +6 ring of strength (left hand)
   (You found it on level 2 of the Dungeon)
Scrolls
 e - 2 scrolls of amnesia {unknown}
 f - 2 scrolls of fog {unknown}
 i - 2 scrolls of enchant armour {unknown}
 k - 2 scrolls of teleportation {unknown}
Potions
 j - a potion of curing {unknown}
 l - a potion of attraction {!q}
 m - a potion of degeneration {unknown}
 n - a potion of haste {unknown}
 p - a potion of flight {unknown}
 q - a potion of mutation {unknown}


   Skills:
 + Level 5.5 Fighting
 + Level 5.5 Maces & Flails
 + Level 2.2 Armour
 - Level 3.2 Dodging
 - Level 1.5 Stealth


You had 4 spell levels left.
You didn't know any spells.
Your spell library contained the following spells:

 Spells                   Type           Power      Damage    Failure   Level
 Beastly Appendage        Tmut           0%         N/A       99%         1
 Wereblood                Tmut           0%         N/A       99%         2
 Spider Form              Tmut/Pois      0%         N/A       100%        3


Dungeon Overview and Level Annotations

Branches:
Dungeon (4/15)
 Temple: D:4-7

Altars:
Xom

Annotations:
D:2 Sigmund


Innate Abilities, Weirdness & Mutations

You have a pair of horns on your head.
You reflexively headbutt those who attack you in melee.


Message History

You feel sick.
You feel sick.
You are no longer poisoned.
You open the door.
There is an open door here.
You open the door.
There is an open door here.
You open the door.
Found a scale mail.
There is an open door here.
You open the door.
There is an open door here.
You open the door.
There is an open door here.
q - a murky inky potion
There is an open door here.
There is an open door here.
A hornet comes into view.
The hornet buzzes angrily.
You aren't carrying any items that you can evoke.
Throw: 13 darts (poison)
Aim: a hornet (44% to hit)
You throw a poisoned dart. The poisoned dart hits the hornet.
The hornet is poisoned.
You sock the hornet!
The hornet stings you but does no damage.
The hornet barely misses you.
You closely miss the hornet. Your headbutt misses the hornet.
The hornet stings you!
You are poisoned.
You feel yourself slow down.
The hornet stings you but does no damage.
You barely miss the hornet.
You feel very sick. The hornet stings you.
You suddenly lose the ability to move!
The hornet stings you.
* * * LOW HITPOINT WARNING * * *
You feel as though you will be slow longer.
You feel sick. The hornet stings you!
* * * LOW HITPOINT WARNING * * *
You shrug off the repeated paralysis!
The hornet stings you but does no damage.
You feel sick.
The hornet looks more healthy.
The hornet stings you!
* * * LOW HITPOINT WARNING * * *
You feel as though you will be slow longer.
You can move again.
Unknown command.
It was a potion of attraction.
You feel attractive to monsters.
You die...

#....##############...
#....#...#..#.....#...
#....#...#..#.....#...
#....#..##..##....#...
#....#..##..##....#... ##
#....#.......'....#... ....
#...(#......##....#...
....####...y#'###..##....#...
............@..##..##....#...
...............#....#....#... #
..............#....+....#... #
#...........#....#....#... +
#...........###########... #
#.....####................
######+#.....+..'..............[.
.......(.....#..#................
.............##.#................


You could see a hornet.

Vanquished Creatures
  A hound (D:4)
  A hound skeleton (D:4)
  5 adders
  An ufetubus (D:2)
  A worm (D:2)
  A dart slug (D:1)
  2 orcs
  8 bats
  11 endoplasms
  6 giant cockroaches
  5 goblins
  4 hobgoblins (D:3)
  5 jackals (D:1)
  3 quokkas (D:1)
  6 ball pythons
  4 frilled lizards
  4 kobolds
  10 rats
78 creatures vanquished.

Vanquished Creatures (others)
  7 toadstools (D:2)
7 creatures vanquished.

Grand Total: 85 creatures vanquished

Notes
Turn   | Place    | Note
-------+----------+-------------------------------------------
     0 | D:1      | Lochraine the Minotaur Monk began the quest for the Orb.
     0 | D:1      | Reached XP level 1. HP: 19/19 MP: 0/0
     1 | D:1      | Found a runed translucent door.
     6 | D:1      | Noticed a jelly
   276 | D:1      | Reached XP level 2. HP: 27/27 MP: 1/1
   914 | D:1      | Reached XP level 3. HP: 24/34 MP: 2/2
  1083 | D:2      | Noticed Sigmund
  1470 | D:2      | Reached XP level 4. HP: 41/41 MP: 3/3
  1689 | D:3      | Reached skill level 5 in Fighting
  1689 | D:3      | Reached skill level 5 in Maces & Flails
  1689 | D:3      | Reached skill level 1 in Armour
  2472 | D:4      | Reached XP level 5. HP: 48/48 MP: 4/4
  2622 | D:4      | Found a shimmering altar of Xom.
  2867 | D:4      | Noticed a hornet
  2873 | D:4      | Paralysed by a hornet for 3 turns
  2875 | D:4      | HP: 1/48 [hornet (9)]
  2876 | D:4      | Succumbed to a hornet's poison

Illustrated notes

Levels and vault maps discovered:
D:1:      dpeg_arrival_caged_fury, layout_basic, minmay_strange_pillars
D:2:      cheibrodos_fertilizer, layout_basic, uniq_sigmund
D:3:      minmay_spotlight, layout_loops_ring, feat_on_display
D:4:      layout_gridville, mainiacjoe_overflow_tiny_flanked

Skill      XL: |  1  2  3  4  5 |
---------------+----------------+-----
Fighting       | 4 5 |  5.5
Maces & Flails | 4 5 |  5.5
Armour         | 1 2 |  2.2
Dodging        | |  3.2
Stealth        | |  1.5

Action                   |  1- 3 |  4- 6 || total
-------------------------+-------+-------++-------
Melee: Mace              |    76 |    63 ||   139
       Headbutt          |    17 |    11 ||    28
Throw: Boomerang         |     7 |       ||     7
       Dart              |       |     1 ||     1
  Use: Potion            |       |     1 ||     1
 Stab: Sleeping          |     4 |       ||     4
Armor: Robe              |    10 |       ||    10
       Ring mail         |     2 |    17 ||    19
       Chain mail        |       |    13 ||    13
Dodge: Dodged            |    53 |    39 ||    92
